 Dungeon Crawl Stone Soup version 0.23.2-33-g5129a83 (webtiles) character file.

Game seed: 5558910738318590409

167 Aphrodieselac the Charmwright (level 5, -4/38 HPs)
             Began as a Merfolk Skald on Aug 5, 2019.
             Slain by an iguana (9 damage)
             ... on level 4 of the Dungeon.
             The game lasted 00:11:08 (2676 turns).

Aphrodieselac the Charmwright (Merfolk Skald)       Turns: 2676, Time: 00:11:09

Health: -4/38      AC:  3    Str: 11    XL:     5   Next: 48%
Magic:  5/8        EV: 12    Int: 13    God:
Gold:   151        SH:  0    Dex: 14    Spells: 3/8 levels left

rFire    . . .     SeeInvis .   a - +0 spear
rCold    . . .     Gourm    .   (no shield)
rNeg     . . .     Faith    .   b - +0 leather armour
rPois    .         Spirit   .   (no helmet)
rElec    .         Reflect  .   (no cloak)
rCorr    .         Harm     .   (no gloves)
MR       .....                  (no boots)
Stlth    +.........             (no amulet)
HPRegen  0.12/turn              (no ring)
MPRegen  0.11/turn              (no ring)

@: infused
A: change form in water, swift swim, stealthy swim
a: no special abilities


You were on level 4 of the Dungeon.
You were not hungry.

You visited 1 branch of the dungeon, and saw 4 of its levels.

You collected 151 gold pieces.

Inventory:

Hand Weapons
 a - a +0 spear (weapon)
Missiles
 u - 8 poisoned needles
Armour
 b - a +0 leather armour (worn)
Jewellery
 c - a +6 ring of protection {unknown}
 l - a +3 ring of dexterity {unknown}
 o - an uncursed ring of magical power {unknown}
 p - an uncursed amulet of regeneration {unknown}
Wands
 r - a wand of enslavement (7)
Scrolls
 f - 2 scrolls of blinking {unknown}
 j - a scroll of fog {unknown}
 m - 2 scrolls of enchant armour {unknown}
 n - a scroll of teleportation {unknown}
 q - 3 scrolls of identify {unknown}
 v - a scroll of magic mapping {unknown}
Potions
 e - a potion of degeneration {unknown}
 g - 2 potions of brilliance {unknown}
 h - a potion of cancellation {unknown}
 i - a potion of might {unknown}
 k - a potion of heal wounds {unknown}
 s - a potion of mutation {unknown}
 w - a potion of resistance {unknown}
Comestibles
 d - 3 rations
 t - 3 chunks of flesh


   Skills:
 - Level 2.1 Fighting
 + Level 5.1 Polearms
 - Level 0.6 Armour
 - Level 2.6 Dodging
 - Level 2.0 Spellcasting
 * Level 5.7 Charms


You had 3 spell levels left.
You knew the following spells:

 Your Spells              Type           Power        Failure   Level  Hunger
a - Infusion              Chrm           ###.         3%          1    ##.....
b - Song of Slaying       Chrm           ###.....     4%          2    ###....
c - Shroud of Golubria    Chrm/Tloc      #.........   16%         2    ###....

Your spell library contained the following spells:

 Spells                   Type           Power        Failure   Level  Hunger
 Regeneration             Chrm/Necr      #.........   30%         3    ####...
 Spectral Weapon          Hex/Chrm       #.......     30%         3    ####...
 Corona                   Hex            #......      32%         1    ##.....
 Ensorcelled Hibernation  Hex/Ice        #.....       45%         2    ###....
 Confuse                  Hex            #.......     69%         3    ####...
 Dazzling Spray           Conj/Hex       #.....       69%         3    ####...
 Tukima's Dance           Hex            #.......     69%         3    ####...


Dungeon Overview and Level Annotations

Branches:
Dungeon (4/15)
 Temple: D:4-7

Altars:


Message History

The iguana bites you!
You hit the iguana.
The iguana is moderately wounded.
The iguana closely misses you.
You barely miss the iguana.
The iguana is moderately wounded.
You closely miss the iguana.
The iguana is moderately wounded.
The iguana bites you!
You hit the iguana but do no damage.
The iguana is moderately wounded.
The iguana closely misses you.
You barely miss the iguana.
The iguana is moderately wounded.
The iguana bites you!
* * * LOW HITPOINT WARNING * * *
You hit the iguana.
The iguana is heavily wounded.
The iguana bites you!
You die...

....#
##...##
##.....##
##.......##
#.........#
+.........+
#...l$....#
#...@...#
##...<.##
##...##
##+##


You could see an iguana.

Vanquished Creatures
  An orc priest (D:3)
  2 gnolls
  2 adders
  2 worms (D:2)
  A dart slug (D:2)
  A leopard gecko (D:1)
  9 orcs (D:3)
  4 giant cockroaches
  9 goblins
  8 hobgoblins
  10 jackals
  4 kobolds
  2 quokkas
  2 ball pythons
  9 bats
  6 frilled lizards
  11 rats
83 creatures vanquished.

Notes
Turn   | Place    | Note
-------+----------+-------------------------------------------
     0 | D:1      | Aphrodieselac the Merfolk Skald began the quest for the
                  | Orb.
     0 | D:1      | Reached XP level 1. HP: 16/16 MP: 3/3
   108 | D:1      | Reached XP level 2. HP: 21/22 MP: 5/5
   249 | D:2      | Learned a level 2 spell: Song of Slaying
   395 | D:1      | Reached XP level 3. HP: 25/27 MP: 4/6
  1025 | D:2      | Reached XP level 4. HP: 33/33 MP: 3/7
  1067 | D:2      | Learned a level 2 spell: Shroud of Golubria
  1353 | D:2      | Reached skill level 5 in Charms
  2295 | D:3      | Reached XP level 5. HP: 26/38 MP: 4/8
  2470 | D:3      | Found a faded altar of an unknown god.
  2477 | D:3      | Reached skill level 5 in Polearms
  2676 | D:4      | Slain by an iguana

Skill      XL: |  1  2  3  4  5 |
---------------+----------------+-----
Charms         | 4 5 |  5.7
Polearms       | 4 5 |  5.1
Fighting       | |  2.1
Armour         | |  0.6
Dodging        | |  2.6
Spellcasting   | |  2.0

Action                   |  1- 3 |  4- 6 || total
-------------------------+-------+-------++-------
Melee: Spear             |   144 |   172 ||   316
 Cast: Song of Slaying   |     5 |     4 ||     9
       Infusion          |     1 |     6 ||     7
 Stab: Sleeping          |     3 |     3 ||     6
  Eat: Chunk             |     1 |     6 ||     7
Armor: Leather armour    |    27 |    17 ||    44
Dodge: Dodged            |    67 |    59 ||   126
